[Event "Late-Titled-Tuesday-Blitz-October-03-2023"]
[Site "Chess.com"]
[Date "2023.10.03"]
[Round "1"]
[White "Levanzovsky"]
[Black "GGuseinov"]
[Result "0-1"]
[WhiteElo "2451"]
[BlackElo "2874"]
[TimeControl "180+1"]
[EndTime "14:06:12 PDT"]
[Termination "GGuseinov won by resignation"]

1. e4 c5 2. Nf3 g6 3. d4 cxd4 4. Qxd4 Nf6 5. Nc3 Nc6 6. Qa4 d6 7. e5 dxe5 8. Nxe5 Bg7 9. Bb5 O-O 10. Nxc6 bxc6 11. Bxc6 Rb8 12. O-O Qc7 13. Bf3 Bb7 14.
Qxa7 Rfc8 15. Bxb7 Rxb7 16. Qa4 Qb8 17. Bf4 e5 18. Bc1 Rb4 19. Qa6 e4 20. Qe2 h5 21.
g3 Kh7 22. Bf4 Qb7 23. Nd1 h4 24. c3 Rb5 25. a4 Rh5 26. g4 Ra5 27. Ne3 Qc6 28.
Qc2 g5 29. b4 gxf4 30. bxa5 fxe3 31. fxe3 Qc5 32. Qf2 Nxg4 33. Qf5+ Qxf5 34. Rxf5 Kg6 35. Rf4 f5 36. a6 Ra8 37. a5 Rxa6 38. Ra3 Nxe3 39.
Rxh4 Nc4 40. Ra4 Ne5 41. Rf4 Nf3+ 42. Rxf3 exf3 43. Kf2 Bxc3 44. Kxf3 Rxa5 0-1

[Event "Late-Titled-Tuesday-Blitz-October-03-2023"]
[Site "Chess.com"]
[Date "2023.10.03"]
[Round "1"]
[White "Aariow"]
[Black "kuli4ik"]
[Result "0-1"]
[WhiteElo "2474"]
[BlackElo "2928"]
[TimeControl "180+1"]
[EndTime "14:06:13 PDT"]
[Termination "kuli4ik won on time"]

1. d4 g6 2. c4 Bg7 3. Nc3 d6 4. e4 e5 5. d5 a5 6. Bd3 Na6 7. Nge2 Nc5 8. Bc2 Bh6 9. O-O Bxc1 10. Qxc1 Nf6 11. f4 Qe7 12. fxe5 Qxe5 13. Nb5 Na6 14. Qh6 Ng4 15. Qf4 Qxf4 16. Nxf4 Bd7 17. Ba4 Ne5 18.
Rac1 Ke7 19. Nc3 Nc5 20. Bxd7 Kxd7 21. b3 Rhf8 22. Nfe2 Rae8 23. Ng3 Re7 24. Nb5 h5 25. h4 Ng4 26. Rce1 Rfe8 27. Rf3 f5 0-1

[Event "Late-Titled-Tuesday-Blitz-October-03-2023"]
[Site "Chess.com"]
[Date "2023.10.03"]
[Round "1"]
[White "tantaan"]
[Black "RETURNOFTHELAGGER"]
[Result "0-1"]
[WhiteElo "2357"]
[BlackElo "2670"]
[TimeControl "180+1"]
[EndTime "14:06:15 PDT"]
[Termination "RETURNOFTHELAGGER won by resignation"]

1. d4 Nf6 2. c4 g6 3. Nc3 d5 4. Nf3 Bg7 5. Qb3 dxc4 6. Qxc4 O-O 7. e4 Na6 8. Be2 c5 9. d5 e6 10. O-O exd5 11. exd5 b6 12. Bg5 h6 13. Bh4 Re8 14. Rad1 g5 15. Bg3 Nb4 16. a3 Ba6 17. Qb3 Bxe2 18.
Nxe2 Nbxd5 19. Nc3 Nxc3 20. Rxd8 Ne2+ 21. Kh1 Raxd8 22. Qa4 Re7 23. Qc4 Nxg3+ 24. hxg3 Red7 25. Ne5 Re7 26. Nc6 Re4 27. Qxe4 Nxe4 28. Nxd8 Bxb2 29.
a4 Bd4 30. Nc6 Bxf2 31. Kh2 Bxg3+ 32. Kh3 Bf4 33. Nxa7 f5 34. Nc8 g4+ 35. Kh4 Bg5+ 36. Kh5 Ng3+ 37. Kg6 Nxf1 38. Nxb6 Bd2 39. Kxf5 g3 40.
Nc4 Ne3+ 41. Nxe3 Bxe3 0-1

[Event "Late-Titled-Tuesday-Blitz-October-03-2023"]
[Site "Chess.com"]
[Date "2023.10.03"]
[Round "1"]
[White "Mops_2004"]
[Black "Casper"]
[Result "1-0"]
[WhiteElo "2825"]
[BlackElo "2437"]
[TimeControl "180+1"]
[EndTime "14:06:16 PDT"]
[Termination "Mops_2004 won on time"]

1. g3 Nc6 2. Bg2 d6 3. c4 g6 4. Nc3 Bg7 5. e3 e5 6. Nge2 f5 7. d4 Nf6 8. Bxc6+ bxc6 9. dxe5 dxe5 10. Qxd8+ Kxd8 11. b3 Ke7 12. Na4 Rd8 13. Bb2 Ne4 14. f3 Ng5 15. f4 Ne4 16. Bxe5 Bxe5 17. fxe5 Rd3 18. Rc1 Be6 19. O-O Rxe3 20. Nd4 c5 21.
Nc6+ Kd7 22. Na5 Re2 23. Rcd1+ Ke8 24. Nb7 Rxa2 25. Naxc5 Nxc5 26. Nxc5 Bg8 27. Rd7 Re2 28. Rg7 1-0

[Event "Late-Titled-Tuesday-Blitz-October-03-2023"]
[Site "Chess.com"]
[Date "2023.10.03"]
[Round "1"]
[White "only_strong_moves"]
[Black "SpeedofLight0"]
[Result "1/2-1/2"]
[WhiteElo "2513"]
[BlackElo "3034"]
[TimeControl "180+1"]
[EndTime "14:06:21 PDT"]
[Termination "Game drawn by repetition"]

1. d4 Nf6 2. Nc3 d5 3. Bf4 e6 4.
Nb5 Bb4+ 5. c3 Ba5 6. a4 a6 7. b4 Bxb4 8. cxb4 axb5 9. axb5 Rxa1 10. Qxa1 Nh5 11. Bd2 Nd7 12. e3 Nhf6 13. Bd3 Ne4 14.
Ne2 Nb6 15. f3 Nd6 16. e4 Bd7 17. Nc3 Nbc4 18. Bf4 Nxb5 19. exd5 Qf6 20. Bxc4 Qxf4 21. Bxb5 Bxb5 22. Nxb5 Qe3+ 23. Kf1 Kf8 24. Qa8+ Ke7 25.
d6+ cxd6 26. Qxh8 Qc1+ 27. Kf2 Qd2+ 28. Kg3 Qg5+ 29. Kf2 Qd2+ 30. Kg3 g5 31. Qb8 Qf4+ 32. Kf2 Qd2+ 33. Kg3 Qf4+ 34. Kf2 Qd2+ 35. Kg3 1/2-1/2

[Event "Late-Titled-Tuesday-Blitz-October-03-2023"]
[Site "Chess.com"]
[Date "2023.10.03"]
[Round "1"]
[White "Xqswdc"]
[Black "Malev212"]
[Result "0-1"]
[WhiteElo "2325"]
[BlackElo "2628"]
[TimeControl "180+1"]
[EndTime "14:06:21 PDT"]
[Termination "Malev212 won by resignation"]

1. e4 g6 2. d4 Bg7 3. Nc3 c6 4.
Nf3 d5 5. h3 Nf6 6. e5 Ne4 7.
Bd3 Nxc3 8. bxc3 c5 9. O-O c4 10. Be2 Qa5 11. Bd2 Qa4 12. Nh2 Nc6 13. f4 Bf5 14.
Rc1 h5 15. g4 hxg4 16. hxg4 Be4 17. Bf3 Bxf3 18. Qxf3 O-O-O 19. e6 f5 20. Rfe1 Rh4 21. gxf5 gxf5 22. Nf1 Bxd4+ 23. cxd4 Rg8+ 24. Kf2 c3 25. Qxc3 Kb8 26. Be3 Na5 27. Rb1 Nc4 28. Qb4 Qxc2+ 29. Re2 Rg2+ 30. Kxg2 Qxe2+ 31. Kg3 Rg4+ 0-1

[Event "Late-Titled-Tuesday-Blitz-October-03-2023"]
[Site "Chess.com"]
[Date "2023.10.03"]
[Round "1"]
[White "reevecanada"]
[Black "NowInChess"]
[Result "1-0"]
[WhiteElo "2559"]
[BlackElo "2208"]
[TimeControl "180+1"]
[EndTime "14:06:21 PDT"]
[Termination "reevecanada won on time"]

1. e4 e6 2. Nf3 d5 3. Nc3 Nf6 4. e5 Nfd7 5. d4 c5 6. Bg5 Qb6 7. dxc5 Nxc5 8. Qd2 Nc6 9. O-O-O Bd7 10. Be2 a6 11. Kb1 Qc7 12. Qf4 h6 13. Bh4 b5 14.
Ka1 b4 15. Nb1 a5 16. Bg3 Ne4 17. Bd3 Nxg3 18. hxg3 Bc5 19. Ng5 Rf8 20. Nh7 Rh8 21.
Rh5 b3 22. a3 Nb4 23. cxb3 Nxd3 24. Nf6+ gxf6 25. Qxf6 Rg8 26. Rxd3 Be7 27. Qxh6 a4 28. b4 Qc2 29. Rf3 Bxb4 30. axb4 a3 31. bxa3 1-0

[Event "Late-Titled-Tuesday-Blitz-October-03-2023"]
[Site "Chess.com"]
[Date "2023.10.03"]
[Round "1"]
[White "whiteglovethief"]
[Black "Hrant_ChessMood"]
[Result "0-1"]
[WhiteElo "2492"]
[BlackElo "2961"]
[TimeControl "180+1"]
[EndTime "14:06:22 PDT"]
[Termination "Hrant_ChessMood won by resignation"]

1. d4 Nf6 2. c4 g6 3. Nc3 Bg7 4.
e4 d6 5. Nf3 O-O 6. Be2 c5 7.
O-O Re8 8. dxc5 dxc5 9. Be3 b6 10. h3 Bb7 11. e5 Nfd7 12. e6 fxe6 13. Ng5 Nf8 14. Bg4 Qxd1 15. Raxd1 h5 16. Bxe6+ Nxe6 17. Nxe6 Bxc3 18. bxc3 Na6 19. Bf4 Bc8 20. Nc7 Nxc7 21.
Bxc7 Be6 22. Rfe1 Bxc4 23. a3 Rac8 24. Rd7 Bb5 25. Rdxe7 Rxc7 26. Rxe8+ Bxe8 27. Rxe8+ Kf7 28. Ra8 Ke6 29. g4 hxg4 30. hxg4 Kd5 31. Kg2 Kc4 32. f4 Kxc3 33. Rg8 c4 34. Rxg6 Kb2 35. Rh6 c3 36. f5 c2 37. Rh1 b5 38. f6 Rc6 39. g5 Rc5 40. Kf3 Rxg5 41. Kf4 Rg2 42. Ke3 Rg6 0-1

[Event "Late-Titled-Tuesday-Blitz-October-03-2023"]
[Site "Chess.com"]
[Date "2023.10.03"]
[Round "1"]
[White "CarrotsandPizza"]
[Black "filipluczak05"]
[Result "0-1"]
[WhiteElo "2293"]
[BlackElo "2596"]
[TimeControl "180+1"]
[EndTime "14:06:22 PDT"]
[Termination "filipluczak05 won by resignation"]

1. e4 g6 2. d4 Bg7 3. Nc3 c5 4. d5 a6 5. a4 d6 6. f4 e6 7.
Bc4 exd5 8. Qxd5 Qe7 9. Qd3 Nc6 10. Nf3 Nf6 11. O-O O-O 12. h3 Nb4 13. Qe2 Be6 14. e5 dxe5 15. fxe5 Nd7 16. Bg5 Qe8 17. Rae1 Bxc4 18.
Qxc4 Nxc2 19. Re2 Nd4 20. Nxd4 cxd4 21. Nd5 Nxe5 22. Qxd4 Nf3+ 23. Rxf3 Bxd4+ 24. Kf1 Qxa4 25. Rf4 Qd1+ 26. Re1 Qd3+ 27. Re2 Rfe8 28. Ne7+ Rxe7 29. Bxe7 Re8 30. Re4 Bc5 31. g4 Rxe7 32. Rxe7 Bxe7 33. Kf2 Bc5+ 34. Ke1 Be3 0-1

[Event "Late-Titled-Tuesday-Blitz-October-03-2023"]
[Site "Chess.com"]
[Date "2023.10.03"]
[Round "1"]
[White "FrankDux44"]
[Black "drdaro"]
[Result "1-0"]
[WhiteElo "2578"]
[BlackElo "2251"]
[TimeControl "180+1"]
[EndTime "14:06:24 PDT"]
[Termination "FrankDux44 won by checkmate"]

1. d4 g6 2. e4 d6 3. Nc3 Bg7 4. Be3 a6 5. Qd2 b5 6. O-O-O Nf6 7. f3 h5 8. Kb1 b4 9. Nd5 Nxd5 10. exd5 a5 11.
Bg5 Nd7 12. Bb5 O-O 13. g4 hxg4 14. fxg4 Nb6 15. Bc6 Bxg4 16. Re1 f6 17. Bh6 Rb8 18. h4 Nc4 19. Qf4 Bh5 20. Bxg7 Kxg7 21. Nf3 Bxf3 22. Rhg1 Bh5 23. b3 Na3+ 24. Kb2 Nb5 25. Re3 a4 26. Reg3 axb3 27. Qf5 Kf7 28. Rxg6 Rh8 29. Qxh5 Rxh5 30. Rg7+ Kf8 31. Rg8+ Kf7 32. R1g7# 1-0

[Event "Late-Titled-Tuesday-Blitz-October-03-2023"]
[Site "Chess.com"]
[Date "2023.10.03"]
[Round "1"]
[White "jsdbv18"]
[Black "carlospaul1990"]
[Result "1-0"]
[WhiteElo "2628"]
[BlackElo "2324"]
[TimeControl "180+1"]
[EndTime "14:06:25 PDT"]
[Termination "jsdbv18 won by resignation"]

1. d4 Nf6 2. c4 e6 3. Nf3 d5 4.
Nc3 Bb4 5. Bd2 O-O 6. e3 c6 7.
a3 Bd6 8. Qc2 Nbd7 9. Bd3 dxc4 10. Bxc4 b5 11. Bd3 Bb7 12. b4 a5 13. Rb1 axb4 14. axb4 e5 15. O-O Re8 16. Rfc1 Qe7 17. Ne4 Nxe4 18. Bxe4 Rac8 19. Bxh7+ Kh8 20. Bf5 e4 21.
Ng5 Qxg5 22. Bxd7 Rcd8 23. Bxe8 Rxe8 24. Ra1 Re6 25. g3 Qf5 26. Qd1 Rh6 27. Qf1 Bc8 28. Ra8 Kh7 29. Rxc6 Bb7 30. Raa6 Bxc6 31. Rxc6 Qh5 32.
h4 Qg4 33. Qxb5 Qd1+ 34. Kg2 Qf3+ 35. Kf1 Qh1+ 36. Ke2 Qf3+ 37. Ke1 Bxg3 38. Rxh6+ gxh6 39. fxg3 Qxg3+ 40. Kd1 Qxh4 41. Qf5+ Kg7 42. b5 Qh1+ 43. Kc2 Qf3 44. Qxf3 exf3 45. Kd3 h5 46. Be1 f5 47. b6 1-0

[Event "Late-Titled-Tuesday-Blitz-October-03-2023"]
[Site "Chess.com"]
[Date "2023.10.03"]
[Round "1"]
[White "Evandro_Barbosa"]
[Black "Nick12772"]
[Result "1-0"]
[WhiteElo "2668"]
[BlackElo "2366"]
[TimeControl "180+1"]
[EndTime "14:06:28 PDT"]
[Termination "Evandro_Barbosa won by resignation"]

1. e4 e6 2. d3 d5 3. Qe2 Nf6 4.
Nf3 Nc6 5. c3 dxe4 6. dxe4 e5 7.
Qc2 a5 8. Bb5 Bd6 9. Bg5 Bd7 10.
Nbd2 h6 11. Bh4 Qe7 12. O-O O-O 13. a4 Bc5 14. Nc4 Qe6 15. Rad1 Be7 16. Rfe1 Rad8 17. h3 b6 18. Ne3 Nb8 19. Bc4 Qc6 20. Nxe5 Qxa4 21.
b3 Qa3 22. Ng6 Rfe8 23. e5 Nd5 24. Bxd5 Bxh4 25. Nxh4 Be6 26. Bxe6 fxe6 27. Nc4 Qe7 28. Nf3 Nc6 29. Rxd8 Rxd8 30. Rd1 Rf8 31. Qe4 Nd8 32. Nh4 Qf7 33. Rd2 c5 34. Ng6 Re8 35. Nd6 1-0

[Event "Late-Titled-Tuesday-Blitz-October-03-2023"]
[Site "Chess.com"]
[Date "2023.10.03"]
[Round "1"]
[White "DefiantChair"]
[Black "ETTrainer"]
[Result "1-0"]
[WhiteElo "2581"]
[BlackElo "2263"]
[TimeControl "180+1"]
[EndTime "14:06:28 PDT"]
[Termination "DefiantChair won by resignation"]

1. e4 c6 2. d4 d5 3. e5 Bf5 4. Nf3 e6 5. Be2 c5 6. Be3 cxd4 7. Nxd4 Bg6 8. Nd2 Ne7 9. O-O Nec6 10. N2f3 Be7 11. c4 O-O 12. Nxc6 bxc6 13. Qa4 c5 14.
cxd5 exd5 15. Rfd1 d4 16. Bf4 Qb6 17. b4 Qxb4 18.
Qxb4 cxb4 19. Nxd4 Na6 20. Bxa6 Rab8 21. Nc6 Rb6 22.
Nxe7+ Kh8 23. Bc4 Re8 24. Nxg6+ fxg6 25. Bf7 Rf8 26. e6 h6 27. Bd6 Rc8 28. e7 Rcc6 1-0

[Event "Late-Titled-Tuesday-Blitz-October-03-2023"]
[Site "Chess.com"]
[Date "2023.10.03"]
[Round "1"]
[White "Joshukid"]
[Black "roxannyzoldyck"]
[Result "1-0"]
[WhiteElo "2555"]
[BlackElo "2199"]
[TimeControl "180+1"]
[EndTime "14:06:28 PDT"]
[Termination "Joshukid won by resignation"]

1. Nf3 Nf6 2. c4 g6 3. b3 Bg7 4. Bb2 O-O 5. g3 d5 6. cxd5 Qxd5 7. Bg2 c5 8. O-O Qh5 9. d3 Nc6 10. Qc1 Bh3 11. Qg5 Qxg5 12. Nxg5 Bxg2 13. Kxg2 Nd4 14.
Bxd4 cxd4 15. Nd2 Nd5 16. Nge4 Rac8 17. Rfc1 f5 18. Nc5 Rc6 19. Nxb7 Re6 20. Kf1 Nc3 21. Nc5 Rc6 22. Na4 Rfc8 23. Nc4 Nxa4 24. bxa4 Kf7 25. Rab1 R8c7 26. f4 h6 27. Rb5 Kf6 28. Kg2 g5 29. Kf3 e6 30. h4 gxf4 31. gxf4 Bf8 32. h5 a6 33. Rb8 Rc8 34. Rxc8 Rxc8 35. Rg1 Kf7 36.
Ne5+ Ke7 37. Rg6 Kd6 38. Nf7+ Kd5 39. Nxh6 Rc2 40. Nf7 Rc7 41. Ng5 Rc1 42. Nxe6 Rf1+ 43. Kg2 Re1 44. Nxf8 Rxe2+ 45. Kf1 Rxa2 46. h6 Rh2 47. h7 Kc5 48. Rg8 1-0

[Event "Late-Titled-Tuesday-Blitz-October-03-2023"]
[Site "Chess.com"]
[Date "2023.10.03"]
[Round "1"]
[White "Mykola-Bortnyk"]
[Black "PlotnikovPavel"]
[Result "1-0"]
[WhiteElo "2944"]
[BlackElo "2484"]
[TimeControl "180+1"]
[EndTime "14:06:32 PDT"]
[Termination "Mykola-Bortnyk won on time"]

1. e4 e6 2. d4 d5 3. exd5 exd5 4. c4 Nf6 5. Nf3 Be7 6. Nc3 a6 7. c5 O-O 8. h3 b6 9. cxb6 cxb6 10. Bd3 b5 11.
O-O Nc6 12. Re1 Re8 13. Bg5 Be6 14. Rc1 Qb6 15. Ne2 h6 16. Bh4 Ne4 17. Bxe7 Nxe7 18. Nf4 Nf5 19. Bxe4 dxe4 20. Rxe4 Bxa2 21. Rxe8+ Rxe8 22.
b3 Re4 23. Rc8+ Kh7 24. Ne2 b4 25. Qc2 Qe6 26. Nc1 g6 27. Nxa2 Re2 28. Qc5 Rxa2 29. Qf8 1-0

[Event "Late-Titled-Tuesday-Blitz-October-03-2023"]
[Site "Chess.com"]
[Date "2023.10.03"]
[Round "1"]
[White "Njal28"]
[Black "AleksanderHnydiuk"]
[Result "1-0"]
[WhiteElo "3098"]
[BlackElo "2510"]
[TimeControl "180+1"]
[EndTime "14:06:35 PDT"]
[Termination "Njal28 won on time"]

1. Nf3 Nf6 2. c4 c5 3. Nc3 d5 4. cxd5 Nxd5 5. d4 Nxc3 6. bxc3 g6 7. e3 Bg7 8. Bb5+ Nd7 9. O-O O-O 10. a4 a6 11. Bc4 b6 12. e4 Bb7 13. e5 e6 14.
Qe2 Qc7 15. Bd3 c4 16. Be4 Rfc8 17. Ba3 Bxe4 18. Qxe4 Qc6 19. Qf4 h6 20. Bd6 b5 21.
Rfb1 Nb6 22. a5 Nd5 23. Qd2 Ra7 24. Ne1 Rb7 25. Nc2 Kh7 26. Nb4 Nxb4 27. Bxb4 h5 28.
Re1 Bh6 29. Qe2 Rd7 30. h3 Rg8 31. Rad1 Qd5 32. Qc2 Rdd8 33. Re4 Kg7 34. Be7 Rd7 35. Bb4 Bg5 36. Rde1 Be7 37. Bxe7 Rxe7 38. Rf4 Kf8 39. Qb1 Ke8 40. Rf6 Kd7 41. Re3 Rf8 42. Ref3 Ke8 43.
Qb4 Rd7 44. h4 Qc6 45. R3f4 Qd5 46. Rxg6 1-0

[Event "Late-Titled-Tuesday-Blitz-October-03-2023"]
[Site "Chess.com"]
[Date "2023.10.03"]
[Round "1"]
[White "Dr_crypt"]
[Black "Arystanner"]
[Result "0-1"]
[WhiteElo "2439"]
[BlackElo "2839"]
[TimeControl "180+1"]
[EndTime "14:06:35 PDT"]
[Termination "Arystanner won by resignation"]

1. d4 d5 2. c4 e6 3. Nc3 Nf6 4. cxd5 exd5 5. Bg5 c6 6. e3 Bd6 7.
Bd3 O-O 8. Nge2 Re8 9. Qc2 h6 10.
Bh4 Nbd7 11. O-O-O b5 12. Kb1 a5 13. e4 b4 14. Na4 dxe4 15. Bxe4 Ba6 16. Bf3 g5 17. Bg3 Bf8 18. h3 Rc8 19. Nc5 Nxc5 20. dxc5 Qe7 21.
Bd6 Qe6 22. Nd4 Qc4 23. Qxc4 Bxc4 24. Bxc6 Red8 25. Bb7 Bxd6 26. Bxc8 Bxc5 27. Nb3 Rxc8 28. Nxc5 Rxc5 29. b3 Be6 30. Rc1 Rf5 31. f3 Nd5 32. Kb2 Nf4 33. g4 Re5 34. Rc2 Re3 35. Rf1 Kg7 36. Rff2 Nd3+ 37. Kb1 Nxf2 38. Rxf2 Bd5 39. Kc2 Rxf3 0-1

[Event "Late-Titled-Tuesday-Blitz-October-03-2023"]
[Site "Chess.com"]
[Date "2023.10.03"]
[Round "1"]
[White "littlepinkyboy"]
[Black "rookoco"]
[Result "1/2-1/2"]
[WhiteElo "2427"]
[BlackElo "2747"]
[TimeControl "180+1"]
[EndTime "14:06:35 PDT"]
[Termination "Game drawn by repetition"]

1. e4 c5 2. c3 Nf6 3. e5 Nd5 4.
d4 cxd4 5. cxd4 d6 6. Nf3 Nc6 7. exd6 Qxd6 8. Nc3 g6 9. Bc4 Nxc3 10. bxc3 Bg7 11. O-O O-O 12. a4 Qc7 13. Ba2 Bg4 14. h3 Bxf3 15. Qxf3 e5 16. d5 Nb4 17. Ba3 e4 18.
Qxe4 Nxa2 19. Rxa2 Rfe8 20. Qd3 Qxc3 21. Qxc3 Bxc3 22. Rc2 Be5 23. d6 Rad8 24. Rd1 Rd7 25. Re2 Re6 26. Rd5 Bg7 27. Rxe6 fxe6 28. Rc5 Kf7 29.
Rc7 Ke8 30. Rc8+ Kf7 31. Rc7 Ke8 32. Rc8+ Rd8 33. Rc7 Rd7 1/2-1/2

[Event "Late-Titled-Tuesday-Blitz-October-03-2023"]
[Site "Chess.com"]
[Date "2023.10.03"]
[Round "1"]
[White "Saraisitave"]
[Black "Let_it_be_1"]
[Result "0-1"]
[WhiteElo "2338"]
[BlackElo "2647"]
[TimeControl "180+1"]
[EndTime "14:06:37 PDT"]
[Termination "Let_it_be_1 won by checkmate"]

1. e4 e6 2. d4 d5 3. Nc3 Nf6 4. Bg5 dxe4 5. Nxe4 Be7 6. Nxf6+ Bxf6 7. Bxf6 Qxf6 8. Nf3 O-O 9. Bd3 c5 10. Qe2 cxd4 11. Qe4 Qh6 12. Nxd4 Nd7 13. Qe2 Nc5 14. Bc4 a6 15. a4 Qf4 16. c3 e5 17. Nc2 Bf5 18. Ne3 Rad8 19. Nxf5 Qxf5 20. O-O Nd3 21. b4 Nf4 22. Qf3 e4 23. Qe3 b5 24. axb5 axb5 25. Ra5 Qg4 26. Qg3 Ne2+ 27. Bxe2 Qxe2 28. Qg5 Rd1 29. Ra1 Qxf1# 0-1

[Event "Late-Titled-Tuesday-Blitz-October-03-2023"]
[Site "Chess.com"]
[Date "2023.10.03"]
[Round "1"]
[White "SanchezKelvin"]
[Black "BRYANtheBUTCHER"]
[Result "0-1"]
[WhiteElo "2571"]
[BlackElo "2298"]
[TimeControl "180+1"]
[EndTime "14:06:41 PDT"]
[Termination "BRYANtheBUTCHER won by checkmate"]

1. e4 e5 2. Nf3 Nc6 3. Bb5 g6 4. Nc3 Bg7 5. d4 exd4 6. Nd5 h6 7. Bf4 d6 8. Nxd4 Bd7 9. Bxc6 bxc6 10. Nc3 Rb8 11.
Rb1 Nf6 12. O-O Nh5 13. Be3 O-O 14. Qd2 Kh7 15. f4 c5 16. Nde2 Re8 17. f5 Bc6 18. fxg6+ fxg6 19. Rf7 Re7 20. Rbf1 Qd7 21. Rxe7 Qxe7 22.
Nf4 Nxf4 23. Rxf4 Rxb2 24. h3 Be5 25. Rf1 g5 26. Nd5 Qg7 27. a3 Kg6 28. Qd3 Rb8 29. Rf5 Rf8 30. g4 Rxf5 31. exf5+ Kf7 32. Nxc7 Bd4 33. Ne6 Qe5 34. Bxd4 Qe1+ 35. Kh2 Qh1+ 36. Kg3 Qg2# 0-1

[Event "Late-Titled-Tuesday-Blitz-October-03-2023"]
[Site "Chess.com"]
[Date "2023.10.03"]
[Round "1"]
[White "GoldenShare"]
[Black "campochess"]
[Result "1-0"]
[WhiteElo "2537"]
[BlackElo "2142"]
[TimeControl "180+1"]
[EndTime "14:06:41 PDT"]
[Termination "GoldenShare won by resignation"]

1. e4 c5 2. Nc3 Nc6 3. Bb5 e5 4. Bxc6 dxc6 5. d3 f6 6. f4 exf4 7. Bxf4 Bd6 8. Qh5+ g6 9. Qf3 Bxf4 10. Qxf4 Qe7 11.
Nf3 g5 12. Qg3 h5 13. O-O-O Nh6 14. h4 g4 15. Nd2 Nf7 16. Nc4 Be6 17. Rhf1 Bxc4 18.
dxc4 Qe5 19. Qxe5+ Nxe5 20. Rxf6 Nxc4 21. b3 Ne3 22. Rd2 Ke7 23. e5 Raf8 24. Ne4 Nd5 25. Rxf8 Rxf8 26. Nxc5 b6 27. Ne4 Rf4 28. Ng3 Ke6 29. Nxh5 Rf1+ 30. Kb2 Kxe5 31. Ng3 Rf4 32.
Re2+ Kd6 33. h5 Rf7 34. h6 Nf4 35. Re4 Ne6 36. Rxg4 Ke5 37. Rh4 Rh7 38. Re4+ Kd5 39. Rh4 Ng5 40. Rh5 1-0

[Event "Late-Titled-Tuesday-Blitz-October-03-2023"]
[Site "Chess.com"]
[Date "2023.10.03"]
[Round "1"]
[White "Polish_fighter3000"]
[Black "Hananmo"]
[Result "1-0"]
[WhiteElo "3075"]
[BlackElo "2510"]
[TimeControl "180+1"]
[EndTime "14:06:44 PDT"]
[Termination "Polish_fighter3000 won by resignation"]

1. c4 Nf6 2. Nc3 g6 3. e4 d6 4. d4 Bg7 5. Nf3 O-O 6. Be2 e5 7. O-O Nc6 8. d5 Ne7 9. b4 a5 10. bxa5 Rxa5 11. a4 b6 12. Ba3 Re8 13. Nd2 Nd7 14.
Nb5 f5 15. Bb4 Ra8 16. a5 bxa5 17. Bxa5 Nb6 18. Bxb6 Rxa1 19. Qxa1 cxb6 20. Qa3 fxe4 21. Nxd6 Rf8 22. Nxc8 Nxc8 23. Nxe4 Qh4 24. Bf3 g5 25. g3 Qh3 26. Nxg5 Qf5 27. h4 h6 28. Be4 Qg4 29.
Bh7+ Kh8 30. Ne6 Rf3 31. Bf5 Qxf5 32. Qa8 Qg4 33. Qxc8+ Bf8 34. Kh2 Kg8 35. d6 e4 36.
d7 e3 37. d8=Q 1-0

[Event "Late-Titled-Tuesday-Blitz-October-03-2023"]
[Site "Chess.com"]
[Date "2023.10.03"]
[Round "1"]
[White "Grischuk"]
[Black "santosalberto1987"]
[Result "1-0"]
[WhiteElo "3010"]
[BlackElo "2503"]
[TimeControl "180+1"]
[EndTime "14:06:44 PDT"]
[Termination "Grischuk won by resignation"]

1. d4 d5 2. Nf3 Nf6 3. Bg5 Nbd7 4. e3 g6 5. c4 c6 6. Nc3 Bg7 7. cxd5 cxd5 8. Bd3 O-O 9. O-O b6 10. Qb3 Bb7 11.
Rfc1 Rc8 12. h3 Qc7 13. Bf4 Qd8 14. Nb5 a6 15. Bc7 Qe8 16. Na3 b5 17. Rc2 Ne4 18. Rac1 Ndf6 19. Nb1 Ba8 20. Be5 Rxc2 21. Rxc2 Qd7 22.
Rc7 Qd8 23. Qc2 Nd6 24. Bxd6 Qxd6 25. Nbd2 e6 26. Ne5 Qb6 27. Ndf3 Ne4 28. Nd7 Qa5 29.
Nxf8 Bxf8 30. Rc8 Bb7 31. Rb8 Qb6 32. Bxe4 dxe4 33. Ne5 Kg7 34. Rxf8 1-0

[Event "Late-Titled-Tuesday-Blitz-October-03-2023"]
[Site "Chess.com"]
[Date "2023.10.03"]
[Round "1"]
[White "TanitoluwaAps116"]
[Black "marik_spb"]
[Result "1/2-1/2"]
[WhiteElo "2669"]
[BlackElo "2376"]
[TimeControl "180+1"]
[EndTime "14:06:45 PDT"]
[Termination "Game drawn by repetition"]

1. Nf3 Nf6 2. b3 g6 3. Bb2 Bg7 4. e3 O-O 5. g3 d5 6. Bg2 c5 7.
O-O Nc6 8. d3 Re8 9. Ne5 Qc7 10.
Nxc6 bxc6 11. Nd2 e5 12. h3 Bf5 13. Qe2 e4 14. dxe4 Nxe4 15. Bxg7 Kxg7 16. g4 Nxd2 17. Qxd2 Bd7 18. Qc3+ Qe5 19. Qxc5 h5 20. gxh5 Qxh5 21.
Qd4+ Kh7 22. Qf6 Kg8 23. Rad1 Bxh3 24. Rd4 Bxg2 25. Kxg2 Re6 26. Qf4 Qe5 27. Qh4 Kg7 28. Rh1 Rg8 29. Rf4 Kf8 30. Qd8+ Re8 31. Qd7 Qe7 32. Qxc6 g5 33. Qh6+ Rg7 34. Qh8+ Rg8 35. Qh6+ Rg7 36. Rf3 Qe4 37. Qh8+ Rg8 38. Qf6 Re7 39.
Qh6+ Ke8 40. Qc6+ Kf8 41. Qh6+ Ke8 42. Kg3 Qe5+ 43. Kg2 Qe4 1/2-1/2

[Event "Late-Titled-Tuesday-Blitz-October-03-2023"]
[Site "Chess.com"]
[Date "2023.10.03"]
[Round "1"]
[White "HamedWafa4"]
[Black "IngOscarArdila"]
[Result "1-0"]
[WhiteElo "2617"]
[BlackElo "2315"]
[TimeControl "180+1"]
[EndTime "14:06:45 PDT"]
[Termination "HamedWafa4 won by resignation"]

1. e4 e5 2. Nf3 Nf6 3. Nc3 Nc6 4.
Bb5 Bb4 5. O-O O-O 6. Bxc6 bxc6 7. Nxe5 Re8 8. Nd3 Bxc3 9. dxc3 Nxe4 10. Re1 d5 11. f3 Nd6 12. Bf4 Bf5 13. Rxe8+ Qxe8 14. Ne5 f6 15. Nd3 Qe7 16. Qe1 Re8 17. Qxe7 Rxe7 18. Kf2 Kf7 19. Nb4 Bd7 20. Re1 Rxe1 21. Kxe1 g5 22. Bg3 Ke7 23. a4 a5 24. Nd3 Nc4 25. b3 Nd6 26. b4 axb4 27. cxb4 Kd8 28. Nc5 Bc8 29. a5 Nb7 30. Nb3 Nd6 31. Kd2 Ba6 32. Kc3 Bf1 33. Nd4 Bxg2 34. Bxd6 cxd6 35. Nxc6+ Kc7 36.
Nd4 h5 37. b5 Bf1 38. Kb4 g4 39. fxg4 hxg4 40. b6+ Kb7 41. Nb5 Kc6 42. Nd4+ Kb7 43.
Nf5 Kc6 44. Ne7+ Kb7 45. Nxd5 f5 46. Ne3 Be2 47. Nxf5 d5 48. Nd4 Bd1 49. c3 Ka6 50. Kc5 Bf3 51. Kc6 Bd1 52. b7 Ba4+ 53. Kc7 1-0

[Event "Late-Titled-Tuesday-Blitz-October-03-2023"]
[Site "Chess.com"]
[Date "2023.10.03"]
[Round "1"]
[White "chessisveryfun1264"]
[Black "StarkyNZ"]
[Result "1-0"]
[WhiteElo "2603"]
[BlackElo "2299"]
[TimeControl "180+1"]
[EndTime "14:06:46 PDT"]
[Termination "chessisveryfun1264 won by resignation"]

1. Nf3 Nf6 2. g3 b6 3. Bg2 Bb7 4. O-O d6 5. c4 Nbd7 6. b3 g6 7.
d4 e5 8. Bb2 exd4 9. Nxd4 Bxg2 10.
Kxg2 Bg7 11. Nc3 Qc8 12. Qd2 O-O 13. Kg1 Qb7 14. Rad1 Rfe8 15. f3 a6 16. e4 Nh5 17.
Rfe1 Ne5 18. Qf2 Nc6 19. Nxc6 Qxc6 20. Nd5 Re6 21. Bxg7 Nxg7 22. Qd4 Ne8 23. f4 Qc5 24. Qxc5 bxc5 25. Kf2 a5 26. Nc3 c6 27. Kf3 Kg7 28.
Rd3 Ra7 29. Red1 Rae7 30. g4 h6 31. h4 Kh7 32. g5 h5 33. f5 Re5 34. f6 R7e6 35.
Re3 Nc7 36. Ne2 d5 37. Nf4 dxe4+ 38. Kg3 Kg8 39. Rd7 Ne8 40. Nxe6 Rxe6 41. Re7 Rxe7 42. fxe7 Nd6 43. Kf4 Kg7 44. Rxe4 Ne8 45. Ke5 f6+ 46.
gxf6+ Nxf6 47. Ke6 Ne8 48. Rf4 1-0